 Dungeon Crawl Stone Soup version 0.24.0-123-gd5b16e6ec5 (webtiles) character file.

Game seed: 4586510590852972264, levelgen mode: deterministic

933 MisterOstroum the Changer (level 7, -8/58 HPs)
             Began as a White Draconian Transmuter on Jan 11, 2020.
             Was an Initiate of Gozag.
             Mangled by a hornet zombie (10 damage)
             ... on level 7 of the Dungeon.
             The game lasted 00:10:48 (7406 turns).

MisterOstroum the Changer (DrTm)                    Turns: 7406, Time: 00:10:48

Health: -8/58      AC:  2    Str: 13 (14) XL:     7   Next: 86%
Magic:  10/11      EV: 19    Int: 11 (14) God:    Gozag
Gold:   570        SH:  0    Dex: 14 (16) Spells: 2/12 levels left

rFire    . . .     SeeInvis .     - Unarmed
rCold    . . .     Gourm    .   (shield currently unavailable)
rNeg     . . .     Faith    .   (armour unavailable)
rPois    x         Spirit   .   (helmet currently unavailable)
rElec    .         Reflect  .   (cloak currently unavailable)
rCorr    .         Harm     .   (gloves currently unavailable)
MR       .....                  (boots currently unavailable)
Stlth    +.........             v - amulet of the acrobat
HPRegen  0.19/turn              (no ring)
MPRegen  0.12/turn              (no ring)

@: spider-form (expiring), gold aura
A: tiny, (breathe frost), unfitting armour, AC +6
a: End Transformation, Potion Petition, Call Merchant, Bribe Branch, Renounce
Religion


You were on level 7 of the Dungeon.
You worshipped Gozag.
Gozag was pleased with you.
You were hungry.
You were a venomous arachnid creature.
You visited 1 branch of the dungeon, and saw 7 of its levels.

You collected 673 gold pieces.
You spent 78 gold pieces at shops.
You paid 25 gold pieces to Gozag.

Inventory:

Missiles
 a - 24 arrows
 c - 290 stones
 j - 49 bolts
 l - 49 poisoned darts (quivered)
 o - 28 sling bullets
Armour
 g - a +2 shield
 m - a scarf of repulsion (melded)
 t - a +0 pair of gloves (melded)
 D - a +0 pair of boots (melded)
Jewellery
 v - an amulet of the acrobat (around neck)
Wands
 x - a wand of disintegration (24)
 z - a wand of paralysis (10)
 C - a wand of acid (9)
Scrolls
 b - 4 scrolls of identify {@r1}
 d - 3 scrolls of fog {unknown}
 i - 2 scrolls of enchant armour {unknown}
 k - 2 scrolls of amnesia {unknown}
 n - 4 scrolls of teleportation {@r3 !r}
 r - a scroll of noise {unknown}
 u - a scroll of immolation {unknown}
 w - a scroll of enchant weapon {unknown}
 y - a scroll of remove curse {unknown}
Potions
 f - 4 potions of flight
 h - a potion of curing {@q1 !q}
 p - 2 potions of degeneration
 q - a potion of brilliance {unknown}
 s - a potion of magic {unknown}
 A - a potion of cancellation {unknown}
 B - a potion of might {unknown}
Comestibles
 e - 10 rations


   Skills:
 + Level 3.9 Fighting
 - Level 2.3 Dodging
 + Level 4.3 Unarmed Combat
 + Level 3.3 Spellcasting
 * Level 5.5 Transmutations
 * Level 2.5 Ice Magic
 - Level 2.5 Poison Magic
 + Level 1.8 Evocations


You had 2 spell levels left.
You knew the following spells:

 Your Spells              Type           Power        Failure   Level  Hunger
a - Beastly Appendage     Tmut           ##....       10%         1    #......
b - Sticks to Snakes      Tmut           ##......     13%         2    ###....
c - Spider Form           Tmut/Pois      ##........   32%         3    ###....
d - Ice Form              Ice/Tmut       ##......     65%         4    #####..

Your spell library contained the following spells:

 Spells                   Type           Power        Failure   Level  Hunger
 Blade Hands              Tmut           ##........   78%         5    ######.


Dungeon Overview and Level Annotations

Branches:
Dungeon (7/15)             Temple (0/1) D:6

Altars:
Dithmenos
Fedhas
Gozag
Hepliaklqana
Ru
Sif Muna

Shops:
D:4 *


Innate Abilities, Weirdness & Mutations

((You can breathe waves of freezing cold.))
((You can buffet flying creatures when you breathe cold.))
((Your icy white scales are hard. (AC +6)))
You cannot fit into any form of body armour.
((Your flesh is cold resistant. (rC+)))
((You are cold-blooded and may be slowed by cold attacks.))


Message History

You barely miss the adder.
Your tail-slap misses the adder.
The adder bites you.
You hit the adder.
The adder is heavily wounded.
The adder barely misses you.
You miss the adder.
The adder is heavily wounded.
The adder misses you.
You miss the adder.
The adder is heavily wounded.
The adder bites you but does no damage. The adder closely misses you.
You hit the adder.
The adder is heavily wounded.
The adder misses you.
You hit the adder but do no damage.
The adder is heavily wounded.
The adder misses you.
You punch the adder!
You kill the adder!
No target in view!
No target in view!
You now have 570 gold pieces (gained 3).
D - a pair of boots You start putting on your armour.
You continue putting on your pair of gloves. x2
You are feeling hungry.
You continue putting on your pair of gloves. x2
You finish putting on your +0 pair of gloves.
You start putting on your armour.
You continue putting on your pair of boots. x4
You finish putting on your +0 pair of boots.
e - 10 rations (gained 1)
You open the door.
There is an open door here.
An orc and a zombie come into view.
There are monsters nearby!
Casting: Spider Form (safe; 12% risk of failure)
Confirm with . or Enter, or press ? or * to list all spells.
You turn into a venomous arachnid creature.
Your scarf of repulsion melds into your body.
Your +0 pair of gloves melds into your body.
Your +0 pair of boots melds into your body.
The haze of the repulsion field disappears.
The orc hits you but does no damage.
You hit the orc but do no damage.
The orc is poisoned.
The orc completely misses you. The hornet zombie misses you.
You hit the orc but do no damage.
The orc is moderately wounded.
The hornet zombie misses you.
You hit the orc.
The orc looks as sick as possible!
The orc is almost dead.
The orc closely misses you. The hornet zombie hits you.
You hit the orc but do no damage.
The orc is almost dead.
You kill the orc!
The hornet zombie completely misses you.
You hit the hornet zombie but do no damage.
The hornet zombie completely misses you.
You hit the hornet zombie but do no damage.
The hornet zombie hits you! The hornet zombie closely misses you.
You hit the hornet zombie.
The hornet zombie is lightly damaged.
The hornet zombie hits you!
You hit the hornet zombie but do no damage.
The hornet zombie is lightly damaged.
The hornet zombie completely misses you.
You completely miss the hornet zombie.
The hornet zombie is lightly damaged.
Your transformation is almost over.
The hornet zombie barely misses you.
You barely miss the hornet zombie.
The hornet zombie is lightly damaged.
The hornet zombie barely misses you.
You bite the hornet zombie!
The hornet zombie is lightly damaged.
The hornet zombie hits you!
The hornet zombie completely misses you.
You hit the hornet zombie but do no damage.
The hornet zombie is lightly damaged.
The hornet zombie misses you.
You barely miss the hornet zombie.
The hornet zombie is lightly damaged.
The hornet zombie hits you!
* * * LOW HITPOINT WARNING * * *
You completely miss the hornet zombie.
The hornet zombie is lightly damaged.
The hornet zombie hits you.
* * * LOW HITPOINT WARNING * * *
You hit the hornet zombie but do no damage.
The hornet zombie is lightly damaged.
The hornet zombie hits you!
* * * LOW HITPOINT WARNING * * *
The hornet zombie hits you.
* * * LOW HITPOINT WARNING * * *
It was a potion of degeneration.
There was something very wrong with that liquid.
You feel weakened.
You feel dopey.
You feel clumsy. The hornet zombie hits you!
You die...
Your body crumbles into a pile of gold.

#.......# #.#
#..#.#..# ##.#...##
#.# ##.....## #...#)#
##.## #..#..#
##..#####.#.####...##
#...###.###.###...#
..##.###.## ##.###.##
...#.##.## ##.##.#
...#'#########'##'##
#..##.#.......##s##
#...#...####..##Z#
....#####....##.$.#
.....#....#..##.#.#
.....##.######.. ..
......#..#..##.# #.#
......##.#.##.. ..
.......#...##.# #.#
.......##.##.. ..


You could see a hornet zombie.

Vanquished Creatures
  Eustachio (D:5)
  A phantom (D:6)
  An ogre (D:6)
  A centaur (D:7)
  A bullfrog (D:7)
  A wyvern skeleton (D:7)
  A howler monkey (D:4)
  A hound (D:6)
  A jelly (D:5)
  2 orc priests
  An orc wizard (D:5)
  Natasha (D:2)
  A worker ant (D:5)
  9 adders
  3 oozes
  A worm (D:2)
  4 dart slugs
  2 leopard geckos
  6 orcs
  5 giant cockroaches
  4 goblins
  6 hobgoblins
  10 jackals
  11 kobolds
  2 quokkas
  A ball python (D:1)
  8 bats
  5 frilled lizards
  A quokka skeleton (D:5)
  8 rats
100 creatures vanquished.

Vanquished Creatures (collateral kills)
  An adder (D:2)
  A kobold (D:2)
  A rat (D:2)
3 creatures vanquished.

Grand Total: 103 creatures vanquished

Notes
Turn   | Place    | Note
-------+----------+-------------------------------------------
     0 | D:1      | MisterOstroum the Draconian Transmuter began the quest for
                  | the Orb.
     0 | D:1      | Reached XP level 1. HP: 16/16 MP: 3/3
   576 | D:1      | Reached XP level 2. HP: 23/23 MP: 5/5
  1232 | D:2      | Learned a level 2 spell: Sticks to Snakes
  1265 | D:2      | Reached XP level 3. HP: 28/29 MP: 6/6
  1638 | D:2      | Learned a level 3 spell: Spider Form
  1682 | D:2      | Reached skill level 3 in Transmutations
  1682 | D:2      | Reached XP level 4. HP: 31/37 MP: 7/7
  2163 | D:2      | Found a shadowy altar of Dithmenos.
  2164 | D:2      | Found a shimmering blue altar of Sif Muna.
  2164 | D:2      | Found a sacrificial altar of Ru.
  2209 | D:2      | Found an opulent altar of Gozag.
  2242 | D:2      | Became a worshipper of Gozag Ym Sagoz the Greedy
  2456 | D:2      | Found a hazy altar of Hepliaklqana.
  2588 | D:2      | Found a blossoming altar of Fedhas.
  2657 | D:2      | Noticed Natasha
  2689 | D:2      | Killed Natasha
  2689 | D:2      | Reached skill level 1 in Poison Magic
  3102 | D:3      | Reached XP level 5. HP: 39/42 MP: 8/8
  4051 | D:4      | Found Loschol's General Store.
  4070 | D:4      | Reached skill level 4 in Transmutations
  4555 | D:4      | Bought a potion of curing for 39 gold pieces
  4555 | D:4      | Bought a potion of curing for 39 gold pieces
  5202 | D:5      | Entered Level 5 of the Dungeon
  5238 | D:5      | Reached XP level 6. HP: 50/50 MP: 9/9
  5478 | D:5      | Noticed Eustachio
  5946 | D:5      | You fall into a shaft and drop 1 floor!
  6346 | D:5      | Killed Eustachio
  6346 | D:5      | Reached skill level 5 in Transmutations
  6346 | D:5      | Reached skill level 1 in Evocations
  6346 | D:5      | Your scales start taking on an icy white colour.
  6346 | D:5      | Reached XP level 7. HP: 57/57 MP: 7/11
  6346 | D:5      | Gained mutation: Your flesh is cold resistant. (rC+) [White
                  | Draconian growth]
  6483 | D:6      | Learned a level 4 spell: Ice Form
  6484 | D:6      | Found a staircase to the Ecumenical Temple.
  6547 | D:6      | Reached skill level 1 in Ice Magic
  6951 | D:7      | HP: 2/58 [bullfrog (6)]
  7405 | D:7      | HP: 1/58 [hornet zombie (6)]
  7406 | D:7      | Mangled by a hornet zombie

Levels and vault maps discovered:
D:1:      giann_horns, layout_loops_ring, hex_tiny, grunt_decor_cap,
          hangedman_decor_points, serial_bayou_ford_a, st_stairs_1
D:2:      layout_basic, lemuel_doored_altar,
          chequers_temple_overflow_statue_of_worship, first_ration, st_stairs_1,
          fedhas_altar_4, uniq_natasha
D:3:      layout_basic
D:4:      layout_layer_cave, serial_shops,
          nicolae_shop_temple_entry_statues_fountains
D:5:      layout_basic, corexii_leaking_fountain, minmay_misc_feat_x,
          uniq_eustachio
D:6:      layout_loops_ring, minmay_temple_entry_waves, nicolae_wand_duel
D:7:      minmay_the_grid_triangle_9x9_rhombus_full
          [minmay_the_grid_triangle_9x9_corrupted_corridor,
          minmay_the_grid_triangle_9x9_steps,
          minmay_the_grid_triangle_9x9_swiss_cheese,
          minmay_the_grid_triangle_9x9_minimal,
          minmay_the_grid_triangle_9x9_negative_grid,
          minmay_the_grid_triangle_9x9_warning,
          minmay_the_grid_triangle_9x9_zippers_vertical,
          minmay_the_grid_triangle_9x9_prize_insulated], layout_basic,
          chequers_temple_overflow_minitemple

Skill      XL: |  1  2  3  4  5  6  7 |
---------------+----------------------+-----
Dodging        | 2 |  2.3
Fighting       | 2 3 |  3.9
Transmutations | 3 4 5 |  5.5
Poison Magic   | 1 2 |  2.5
Unarmed Combat | 4 |  4.3
Spellcasting   | 3 |  3.3
Evocations     | 1 |  1.8
Ice Magic      | 2 |  2.5

Action                   |  1- 3 |  4- 6 |  7- 9 || total
-------------------------+-------+-------+-------++-------
Melee: Unarmed           |   187 |   240 |    56 ||   483
       Tailslap          |    17 |    13 |     2 ||    32
       Headbutt          |     2 |     1 |       ||     3
       Punch             |       |     3 |       ||     3
       Kick              |       |     2 |       ||     2
Throw: Dart              |       |    14 |     2 ||    16
 Cast: Beastly Appendage |     1 |     4 |       ||     5
       Sticks to Snakes  |     3 |     1 |       ||     4
       Spider Form       |       |     7 |     5 ||    12
Evoke: Wand              |       |       |     4 ||     4
  Use: Potion            |       |     3 |     3 ||     6
       Scroll            |       |     3 |       ||     3
 Stab: Sleeping          |     2 |     2 |       ||     4
  Eat: Chunk             |     3 |     5 |       ||     8
       Ration            |       |     3 |     1 ||     4
Armor: Skin              |   100 |    45 |    15 ||   160
Dodge: Dodged            |   165 |   193 |    73 ||   431
